 Dungeon Crawl Stone Soup version 0.22-a0-417-g1387785b41 (webtiles) character file.

1548272 epok the Slayer (level 27, 245/302 HPs)
             Began as a Troll Monk on May 15, 2018.
             Was a High Priest of Okawaru.
             Escaped with the Orb
             ... and 3 runes!
             The game lasted 06:58:23 (94666 turns).

epok the Slayer (Troll Monk)                       Turns: 94666, Time: 06:58:24

Health: 245/302    AC: 26    Str: 26    XL:     27
Magic:  26/26      EV: 20    Int: 12    God:    Okawaru [*****.]
Gold:   3642       SH: 24    Dex: 27    Spells: 25/26 levels left

rFire    + + .     SeeInvis +     - Unarmed
rCold    + + .     Gourm    +   I - +5 shield {reflect}
rNeg     + . .     Faith    .   V - +5 shadow dragon scales
rPois    +         Spirit   .   e - +1 hat of the Kettle-Drum {rF+ Dex+6}
rElec    +         Reflect  +   E - scarf {rC+ rF+}
rCorr    .         Harm     .   (gloves unavailable)
MR       ++...                  (boots unavailable)
Stlth    +.........             z - amulet "Meefed" {Reflect rC+ Str+3 Int-2 SH+6 SInv}
HPRegen  1.00/turn              N - ring of Nasain {rElec rN+ Str-4 Int+8}
MPRegen  0.20/turn              A - ring of poison resistance

@: very slightly contaminated
A: large, unfitting armour, claws 3, fast metabolism 3, gourmand, low mp 1,
regeneration 1, shaggy fur 1, tough skin 2, subdued magic 1
0: Orb of Zot
}: 3/15 runes: decaying, serpentine, silver
a: Heroism, Finesse, Renounce Religion


You escaped.
You worshipped Okawaru.
Okawaru was extremely pleased with you.
You were near starving.

You visited 10 branches of the dungeon, and saw 52 of its levels.
You visited 1 bazaar.
You also visited: Labyrinth, Trove and Ice Cave.

You collected 9962 gold pieces.
You spent 6320 gold pieces at shops.

Inventory:

Hand Weapons
 a - a +9 blowgun
 L - a +2 war axe of flaming
Missiles
 f - 1054 stones
 p - 13 needles of paralysis
 q - 14 poisoned needles
 t - 4 throwing nets
 J - 12 needles of confusion
 U - 6 silver javelins
 W - 20 curare-tipped needles
 X - 4 needles of sleeping
 Z - 116 large rocks (quivered)
Armour
 e - the +1 hat of the Kettle-Drum (worn) {rF+ Dex+6}
   (Okawaru gifted it to you on level 3 of the Vaults)

   It affects your dexterity (+6).
   It protects you from fire.
 m - a scarf of repulsion
 E - a scarf of resistance (worn)
 I - a +5 shield of reflection (worn)
 V - +5 shadow dragon scales (worn)
 Y - the +1 cloak of Dishonesty {+Inv}
   (Okawaru gifted it to you on level 2 of the Lair of Beasts)

   It lets you turn invisible.
Jewellery
 z - the amulet "Meefed" (around neck) {Reflect rC+ Str+3 Int-2 SH+6 SInv}
   (You bought it in a shop on level 2 of the Orcish Mines)

   [amulet of reflection]

   It shields you and reflects attacks.
   It affects your strength (+3).
   It affects your intelligence (-2).
   It protects you from cold.
   It lets you see invisible.
   It affects your SH (+6).
 A - a ring of poison resistance (right claw)
 N - the ring of Nasain (left claw) {rElec rN+ Str-4 Int+8}
   (You bought it in a shop on level 2 of the Orcish Mines)

   [ring of positive energy]

   It affects your strength (-4).
   It affects your intelligence (+8).
   It insulates you from electricity.
   It protects you from negative energy.
Wands
 r - a wand of digging (16)
Scrolls
 g - 10 scrolls of fear
 j - 27 scrolls of teleportation
 n - 2 scrolls of remove curse
 o - 9 scrolls of fog
 s - 5 scrolls of holy word
 v - a scroll of summoning
 w - 3 scrolls of silence
 y - 6 scrolls of blinking
 T - a scroll of amnesia
Potions
 c - 7 potions of berserk rage
 d - 4 potions of might
 h - 5 potions of mutation
 k - 5 potions of agility
 l - 8 potions of haste
 D - 4 potions of cancellation
 F - 4 potions of ambrosia
 G - 9 potions of flight
 H - 10 potions of resistance
 K - 5 potions of magic
 M - 3 potions of invisibility
Miscellaneous
 u - 5 boxes of beasts
 x - a fan of gales
 B - a fan of gales
 C - a fan of gales
 O - a lamp of fire
 P - a phial of floods
 Q - a phial of floods
 R - a lightning rod (4/4)
Comestibles
 b - 67 rations


   Skills:
 + Level 22.7 Fighting
 - Level 22.0 Throwing
 - Level 16.0 Armour
 - Level 16.0 Dodging
 - Level 1.0 Stealth
 - Level 9.0 Shields
 - Level 22.0 Unarmed Combat
 - Level 6.0 Summonings
 - Level 7.0 Invocations
 - Level 10.0 Evocations


You had 25 spell levels left.
You knew the following spells:

 Your Spells              Type           Power        Failure   Level  Hunger
a - Summon Butterflies    Summ           ##......     9%          1    ##.....

Your spell library contained the following spells:

 Spells                   Type           Power        Failure   Level  Hunger
 Cause Fear               Hex            #.........   100%        4    #####..
 Magic Dart               Conj           #...         73%         1    ##.....
 Fireball                 Conj/Fire      #.........   100%        5    ######.
 Apportation              Tloc           #.....       73%         1    ##.....
 Conjure Flame            Conj/Fire      #.......     98%         3    ####...
 Bolt of Fire             Conj/Fire      #.........   100%        6    #######
 Slow                     Hex            #.......     86%         2    ###....
 Confuse                  Hex            #.......     98%         3    ####...
 Invisibility             Hex            #.......     100%        6    #######
 Throw Flame              Conj/Fire      #.....       86%         2    ###....
 Controlled Blink         Tloc           N/A          100%        8    #######
 Freezing Cloud           Conj/Ice/Air   #.........   100%        6    #######
 Mephitic Cloud           Conj/Pois/Air  #.......     98%         3    ####...
 Ring of Flames           Chrm/Fire      #.........   100%        7    #######
 Venom Bolt               Conj/Pois      #.........   100%        5    ######.
 Death's Door             Chrm/Necr      #.........   100%        8    #######
 Summon Small Mammal      Summ           ##..         9%          1    ##.....
 Lehudib's Crystal Spear  Conj/Erth      #.........   100%        8    #######
 Fire Storm               Conj/Fire      #.........   100%        9    #######
 Blink                    Tloc           N/A          86%         2    ###....
 Iskenderun's Mystic Bla  Conj           #.......     100%        4    #####..
 Animate Dead             Necr           N/A          100%        4    #####..
 Pain                     Necr           #...         73%         1    ##.....
 Animate Skeleton         Necr           N/A          73%         1    ##.....
 Vampiric Draining        Necr           #.........   98%         3    ####...
 Haunt                    Necr/Summ      #.........   100%        7    #######
 Borgnjor's Revivificati  Necr           #.........   100%        8    #######
 Sticky Flame             Conj/Fire      #.......     100%        4    #####..
 Summon Ice Beast         Ice/Summ       #.......     97%         4    #####..
 Call Imp                 Summ           ##......     13%         2    ###....
 Poison Arrow             Conj/Pois      #.........   100%        6    #######
 Regeneration             Chrm/Necr      #.........   98%         3    ####...
 Sublimation of Blood     Necr           #.........   86%         2    ###....
 Tukima's Dance           Hex            #.......     98%         3    ####...
 Summon Demon             Summ           ##........   95%         5    ######.
 Stone Arrow              Conj/Erth      #.....       98%         3    ####...
 Recall                   Summ/Tloc      N/A          67%         3    ####...
 Blade Hands              Tmut           #.........   100%        5    ######.
 Statue Form              Tmut/Erth      #........    100%        6    #######
 Dragon Form              Tmut           #.........   100%        7    #######
 Necromutation            Tmut/Necr      #.........   100%        8    #######
 Death Channel            Necr           #.........   100%        6    #######
 Deflect Missiles         Chrm/Air       #.........   100%        6    #######
 Glaciate                 Conj/Ice       #.........   100%        9    #######
 Shadow Creatures         Summ           N/A          100%        6    #######
 Confusing Touch          Hex            #.....       73%         1    ##.....
 Flame Tongue             Conj/Fire      #....        73%         1    ##.....
 Passwall                 Tmut/Erth      #.........   86%         2    ###....
 Ignite Poison            Fire/Tmut/Pois #.......     98%         3    ####...
 Sticks to Snakes         Tmut           #.......     86%         2    ###....
 Call Canine Familiar     Summ           ##......     26%         3    ####...
 Ensorcelled Hibernation  Hex/Ice        #.....       86%         2    ###....
 Metabolic Englaciation   Hex/Ice        #.........   100%        5    ######.
 Silence                  Hex/Air        #.........   100%        5    ######.
 Shatter                  Erth           #.........   100%        9    #######
 Dispersal                Tloc           #.........   100%        6    #######
 Static Discharge         Conj/Air       #.......     98%         3    ####...
 Corona                   Hex            #......      73%         1    ##.....
 Alistair's Intoxication  Tmut/Pois      #.......     100%        5    ######.
 Lee's Rapid Deconstruct  Erth           #.........   100%        5    ######.
 Sandblast                Erth           #.....       73%         1    ##.....
 Chain Lightning          Conj/Air       #.........   100%        8    #######
 Excruciating Wounds      Chrm/Necr      #.........   100%        5    ######.
 Portal Projectile        Hex/Tloc       #.....       98%         3    ####...
 Petrify                  Tmut/Erth      #.......     100%        4    #####..
 Leda's Liquefaction      Hex/Erth       #.........   100%        4    #####..
 Summon Hydra             Summ           ##........   100%        7    #######
 Darkness                 Hex            #.........   100%        6    #######
 Shroud of Golubria       Chrm/Tloc      #.........   86%         2    ###....
 Inner Flame              Hex/Fire       #.......     98%         3    ####...
 Beastly Appendage        Tmut           #.....       73%         1    ##.....
 Disjunction              Tloc           #.........   100%        8    #######
 Fulminant Prism          Conj/Hex       #.........   100%        4    #####..
 Dazzling Spray           Conj/Hex       #.....       98%         3    ####...
 Force Lance              Conj/Tloc      #.......     100%        4    #####..
 Infusion                 Chrm           #...         73%         1    ##.....
 Song of Slaying          Chrm           #.......     86%         2    ###....
 Spectral Weapon          Hex/Chrm       #.......     98%         3    ####...
 Searing Ray              Conj           #.....       86%         2    ###....
 Summon Forest            Summ/Tloc      #.........   100%        5    ######.
 Summon Guardian Golem    Hex/Summ       #.......     67%         3    ####...
 Dragon's Call            Summ           ##........   100%        9    #######
 Summon Mana Viper        Hex/Summ       #.......     100%        5    ######.
 Hydra Form               Tmut           #.........   100%        6    #######
 Irradiate                Conj/Tmut      #.........   100%        5    ######.
 Gell's Gravitas          Tloc           #.........   98%         3    ####...
 Yara's Violent Unravell  Hex/Tmut       #.........   100%        5    ######.
 Infestation              Necr           #.........   100%        8    #######
 Lesser Beckoning         Tloc           #.........   98%         3    ####...
 Poisonous Vapours        Pois/Air       #.....       86%         2    ###....
 Ignition                 Fire           #.........   100%        8    #######
 Borgnjor's Vile Clutch   Necr/Erth      #.........   100%        5    ######.


Dungeon Overview and Level Annotations

Branches:
Dungeon (15/15)            Temple (0/1) D:6            Lair (6/6) D:8
  Swamp (4/4) Lair:2        Snake (4/4) Lair:3        Slime (0/5) Lair:6
    Orc (2/2) D:12            Elf (3/3) Orc:2        Vaults (5/5) D:14
  Crypt (3/3) Vaults:3       Tomb (0/3) Crypt:3      Depths (5/5) D:15
    Zot (5/5) Depths:5

Altars:
Ashenzari
Fedhas
Gozag
Kikubaaqudgha
Nemelex Xobeh
Okawaru
Sif Muna
Trog
Uskayaw
Xom
The Shining One
Lugonu

Shops:
D:4 [   Orc:2 [(=*   Elf:1 [   Vaults:4 [:(*   Depths:2 *   Depths:4 ***

Portals:
Hell: Depths:1 Depths:2 Depths:3 Depths:4 Depths:5
Abyss: Depths:4 Depths:5
Pandemonium: Depths:1 Depths:3
Ziggurat: Depths:3

Annotations:
D:3 1 transporter
D:6 1 runed door yiuf, exclusion: Prince Ribbit
D:10 statue ice, exclusion: ice statue
D:11 treasure trove 2 scrolls of acquirement
D:14 2 runed doors
Lair:5 okhlob, exclusion: oklob plant
Lair:6 okhlob, exclusions: lindwurm and 4 oklob plants
Depths:4 1 exclusion


Innate Abilities, Weirdness & Mutations

You are too large for most types of armour.
You have claws for hands.
Your metabolism is lightning-fast.
You like to eat raw meat.
Your natural rate of healing is unusually fast.
You are covered in fur. (AC +1)
You have very tough skin. (AC +2)
Your magical capacity is low. (-10% MP)
Your spells are a little easier to cast, but a little less powerful.


Message History

There is a stone staircase leading down here.
A white imp comes into view.
Evoke which item? (* to show all) (? for menu, Esc to quit)
Aiming: Dig
Press: ? - help, Shift-Dir - straight line The rock shatters into small pieces.
You feel yourself slow down.
There is a stone staircase leading up here.
You climb upwards.
There is a stone staircase leading down here.
Unknown command.
You see here a club.
Okay, then.
Evoke which item? (* to show all) (? for menu, Esc to quit)
Aiming: Dig
Press: ? - help, Shift-Dir - straight line The rock shatters into small pieces.
You are near starving!
There is a staircase leading out of the dungeon here.
You have escaped!

...##.......##..#.##.# #...###
...##.......##.......######......
#.###.....#############..........
#.# #.....# ##.## #........[. #.#
#.....# ##...## #.......... #.#
#.....# ##.....## #####.>.### #.#
#.....###.......#######)#)...
#.#######.##...............###.##
.....# #.+.....@.....'.###.#.##
#.##.# #######...#####.# #...#
#.##.# #...##.##...#.###...###
#....# #.####.#.##.....##.##..
###..######.#..#.#.##.###.##.....
..............##.##.....#.##.....
###########....#+##.#.#.......##.
######......###.##.....
####.#.....##..###


There were no monsters in sight!

Vanquished Creatures
  7 orbs of fire
  11 ancient liches
  Mara (Crypt:3)
  The ghost of feamirim the Slayer, a legendary DsFi of Cheibriados (Zot:1)
  3 juggernauts
  Sojobo (Depths:3)
  The ghost of Execuda the Wrestler, a veteran TrFi of Makhleb (Depths:5)
  2 large abominations (Vaults:5)
  A curse toe (Zot:4)
  4 Killer Klowns
  Saint Roka (Orc:2)
  Nikola (Snake:1)
  10 golden dragons
  A bone dragon (Depths:5)
  Jory (Crypt:3)
  4 electric golems
  Jorgrun (Swamp:4)
  14 tentacled monstrosities
  27 Orb Guardians
  6 titans
  3 deep elf blademasters
  An Ice Fiend (IceCv)
  2 deep elf master archers (Elf:3)
  5 liches
  Gastronok (Lair:2)
  6 quicksilver dragons
  2 thorn hunters
  4 sphinxes
  9 tengu reavers
  Frances (Swamp:2)
  13 death cobs
  An ancient champion (Crypt:1)
  3 draconian monks
  22 storm dragons
  Roxanne (Swamp:4)
  2 revenants
  9 shadow dragons
  Donald (Orc:1)
  7 deep elf sorcerers
  8 nagarajas
  12 fire giants
  17 vault wardens
  15 frost giants
  5 draconian scorchers
  An iron dragon (Depths:3)
  5 draconian knights
  An orc warlord (Orc:1)
  Aizul (Snake:2)
  A ghost moth (Zot:4)
  A curse skull (Crypt:3)
  3 ghouls
  3 deep elf elementalists
  3 draconian shifters
  A draconian stormcaller (Zot:2)
  Louise (D:15)
  3 spriggan defenders
  3 war gargoyles (Crypt:3)
  3 entropy weavers
  7 draconian annihilators
  22 stone giants
  17 very ugly things
  22 ironheart preservers
  7 vampire knights
  7 black draconians
  13 yellow draconians
  14 green draconians
  10 deep elf demonologists
  5 spark wasps
  7 deep elf annihilators
  14 purple draconians
  8 red draconians
  5 white draconians
  A minotaur (Lab)
  23 ettins
  14 fire dragons
  Snorg (Orc:1)
  14 deep elf death magi
  A crystal guardian (Vaults:5)
  16 yaktaur captains
  4 eidola
  4 jiangshi
  A quicksilver dragon zombie (Crypt:1)
  Erolcha (Orc:2)
  4 great orbs of eyes
  4 rakshasas
  4 deep elf high priests
  37 vault guards
  26 hydras
  20 ice dragons
  14 naga warriors
  3 small abominations
  3 ghost crabs (Swamp:4)
  5 anacondas
  2 hell beasts
  A queen ant (D:12)
  8 centaur warriors
  10 spriggan air magi
  7 deep troll shamans
  41 two-headed ogres
  16 ogre magi
  2 catoblepae
  15 alligators
  4 death knights
  9 tengu warriors
  10 deep troll earth magi
  16 dancing weapons
  7 vampire magi
  A titan zombie (Vaults:5)
  Urug (Lair:2)
  8 naga sharpshooters
  A shock serpent (shapeshifter) (Vaults:3)
  Sonja (Lair:2)
  2 spriggan berserkers
  6 shock serpents
  15 spriggans
  3 soul eaters
  24 deep elf knights
  8 hell knights
  3 shadow wraiths
  A titan skeleton (Crypt:3)
  An iron giant zombie (Crypt:1)
  A sixfirhy (Depths:1)
  A storm dragon skeleton (Depths:4)
  12 skeletal warriors
  A spark wasp zombie (Depths:3)
  2 iron trolls
  A sea snake (shapeshifter) (Vaults:5)
  A salamander mystic (Snake:3)
  3 unseen horrors (shapeshifter)
  4 glowing orange brains
  A shambling mangrove (Swamp:3)
  16 swamp dragons
  10 ironbrand convokers
  6 unseen horrors
  9 flayed ghosts
  A spriggan druid (Swamp:4)
  8 naga ritualists
  6 wizards
  A gelid demonspawn (Depths:1)
  A lindwurm (Lair:6)
  38 deep trolls
  21 phantasmal warriors
  A shadow demon (D:11)
  14 orc knights
  Pikel (D:6)
  14 deep elf archers
  A harpy (D:14)
  An anaconda skeleton (Crypt:3)
  6 wolf spiders
  8 necromancers
  An orb spider (shapeshifter) (Depths:3)
  78 deep elf magi
  8 mana vipers
  4 orc sorcerers
  A manticore (shapeshifter) (Vaults:5)
  2 tengu skeletons (Vaults:5)
  A frost giant zombie (Depths:3)
  67 ugly things
  A salamander (shapeshifter) (D:14)
  2 shadow dragon skeletons
  2 manticores (D:14)
  A shining eye (shapeshifter) (Vaults:4)
  11 cyclopes
  9 fire giant skeletons (Crypt:3)
  An iron dragon skeleton (Depths:4)
  8 salamanders
  A frost giant skeleton (Crypt:3)
  28 black mambas
  4 elephants (Lair:2)
  24 moths of wrath
  A guardian serpent (shapeshifter) (Vaults:4)
  2 rust devils
  2 black mambas (shapeshifter)
  An ice statue (IceCv)
  18 vault sentinels
  A stone giant skeleton (Crypt:3)
  A spriggan zombie (Depths:3)
  A water nymph (shapeshifter) (Depths:3)
  7 gargoyles
  2 guardian serpents
  5 spectral swamp worms (Depths:5)
  23 naga magi
  A spiny frog (shapeshifter) (Vaults:5)
  21 spiny frogs
  An alligator snapping turtle zombie (Crypt:1)
  A rime drake (shapeshifter) (D:14)
  A swamp worm zombie (Crypt:2)
  2 komodo dragons (shapeshifter)
  A white draconian zombie (Crypt:1)
  35 yaktaurs
  19 freezing wraiths
  A spriggan skeleton (Depths:3)
  4 anaconda simulacra (IceCv)
  2 rime drakes
  2 golden dragon simulacra (IceCv)
  6 ice devils (IceCv)
  7 komodo dragons
  9 polar bears (Lair:6)
  A queen bee (Lair:1)
  2 red devils
  A hydra zombie (Crypt:3)
  A sphinx simulacrum (Depths:2)
  3 tengu conjurers
  12 trolls
  A raiju (shapeshifter) (Vaults:5)
  9 tyrant leeches
  3 raiju (Lair:6)
  A troll (shapeshifter) (Depths:3)
  25 hornets
  Prince Ribbit (D:6)
  An iron dragon simulacrum (Depths:4)
  24 blink frogs
  2 ice dragon zombies
  28 slime creatures
  A harpy skeleton (Crypt:3)
  A meliai zombie (D:14)
  5 dream sheep (Lair:6)
  A snapping turtle (shapeshifter) (Depths:1)
  13 bog bodies
  6 hippogriffs
  Sigmund (D:2)
  2 hippogriffs (shapeshifter)
  7 fire dragon skeletons (Crypt:3)
  5 water elementals
  2 air elementals
  5 flying skulls (Depths:2)
  12 shadows
  An elf skeleton (Depths:4)
  5 vampires
  An ettin skeleton (Vaults:5)
  2 tarantellas (shapeshifter)
  An ice dragon skeleton (Crypt:3)
  Eustachio (D:6)
  3 redbacks (Vaults:4)
  45 yaks
  4 fire bats (D:14)
  4 wyverns
  9 wraiths
  5 hungry ghosts
  A wyvern (shapeshifter) (D:14)
  A dire elephant simulacrum (IceCv)
  A fire bat (shapeshifter) (D:14)
  3 fire elementals
  3 basilisks
  4 steam dragons
  19 vampire mosquitoes
  A death yak simulacrum (IceCv)
  4 iron troll simulacra (IceCv)
  A human simulacrum (Vaults:1)
  4 harpy simulacra (IceCv)
  9 swamp worms
  54 nagas
  15 insubstantial wisps
  An acid dragon (shapeshifter) (Depths:5)
  5 acid dragons
  10 wargs
  5 soldier ants (D:12)
  8 water moccasins
  15 porcupines
  A deep troll skeleton (Crypt:2)
  15 hell hounds
  A hydra simulacrum (IceCv)
  36 orc warriors
  14 swamp drakes
  3 ice beasts
  2 sky beasts
  14 black bears
  A swamp dragon zombie (Crypt:3)
  3 eyes of draining
  A black bear (shapeshifter) (Vaults:2)
  4 ettin simulacra
  5 phantoms
  33 wolves
  5 boggarts
  39 ogres
  A snapping turtle skeleton (Crypt:1)
  20 centaurs
  A crocodile (shapeshifter) (D:15)
  16 crocodiles
  2 big kobolds
  2 salamander zombies (Crypt:1)
  5 earth elementals
  14 bullfrogs
  A gnoll sergeant (D:7)
  A deep troll simulacrum (Vaults:3)
  A hippogriff skeleton (Crypt:1)
  A cyclops skeleton (Crypt:2)
  A hornet simulacrum (D:15)
  23 killer bees (Lair:1)
  8 scorpions
  5 electric eels
  13 wights
  5 howler monkeys
  6 lava snakes
  10 crimson imps
  6 hounds
  3 quasits
  4 bullfrog zombies
  3 centaur zombies
  2 draconian simulacra (IceCv)
  14 orc priests
  3 jellies
  32 orc wizards
  7 centaur skeletons
  2 bullfrog skeletons
  An iron imp (Depths:4)
  A gnoll shaman (D:6)
  A human skeleton (Crypt:1)
  Terence (D:3)
  4 iguanas
  A hell rat (Lair:1)
  32 worker ants
  5 spriggan simulacra
  A troll simulacrum (IceCv)
  3 centaur simulacra (IceCv)
  An acid dragon zombie (Crypt:1)
  An acid dragon skeleton (Crypt:2)
  A hound skeleton (D:6)
  4 worker ant zombies
  A howler monkey skeleton (Crypt:1)
  A naga simulacrum (IceCv)
  An ogre simulacrum (IceCv)
  17 adders
  18 gnolls
  5 river rats (Lair:1)
  8 shadow imps
  5 white imps (IceCv)
  9 ufetubi (IceCv)
  An ooze (D:1)
  2 adder zombies
  A lava snake skeleton (Crypt:2)
  3 worms
  2 dart slugs
  2 leopard geckos
  106 orcs
  9 bats
  A bat zombie (Crypt:2)
  5 giant cockroaches
  6 goblins
  8 hobgoblins
  5 jackals
  2 quokkas
  5 ball pythons
  A ball python skeleton (Crypt:1)
  2 frilled lizards
  A giant cockroach zombie (D:5)
  A hobgoblin skeleton (Crypt:2)
  12 kobolds
  A leopard gecko zombie (D:5)
  A quokka zombie (D:8)
  16 rats
  A briar patch (Swamp:3)
  4 crawling corpses
  3 fire vortices (D:14)
  A plant (Lair:6)
2614 creatures vanquished.

Vanquished Creatures (collateral kills)
  An Orb Guardian (Zot:5)
  A deep elf sorcerer (Vaults:5)
  A draconian scorcher (Zot:5)
  2 vault wardens (Vaults:5)
  A deep elf elementalist (Vaults:5)
  A yaktaur captain (Vaults:5)
7 creatures vanquished.

Vanquished Creatures (others)
  A juggernaut zombie (Depths:4)
  A stone giant (Vaults:5)
  Nessos (Orc:2)
  3 yaktaur captains
  An ice dragon (Depths:4)
  A naga warrior (Snake:3)
  2 centaur warriors
  A two-headed ogre (Vaults:2)
  A naga sharpshooter (Snake:3)
  A deep elf knight (Vaults:4)
  An unseen horror (D:14)
  A deep elf archer (Elf:2)
  An iron dragon zombie (Depths:4)
  An orc knight (Orc:2)
  A necromancer (Depths:4)
  A frost giant zombie (Depths:4)
  A salamander (Snake:1)
  4 cyclopes
  14 yaktaurs
  A swamp worm (Swamp:4)
  2 swamp drakes (Swamp:4)
  An orc warrior (Vaults:5)
  A slave (D:6)
  5 centaurs
  3 orcs (Vaults:5)
  3 briar patches
  A crawling corpse (Depths:4)
  32 fungi
  19 plants
  13 withered plants (Crypt:3)
119 creatures vanquished.

Grand Total: 2740 creatures vanquished

Notes
Turn   | Place    | Note
-------+----------+-------------------------------------------
     0 | D:1      | epok the Troll Monk began the quest for the Orb.
     0 | D:1      | Reached XP level 1. HP: 22/22 MP: 0/0
   168 | D:1      | Reached XP level 2. HP: 29/29 MP: 1/1
   568 | D:1      | Reached XP level 3. HP: 36/36 MP: 2/2
  1092 | D:2      | Noticed Sigmund
  1426 | D:3      | Noticed Terence
  1465 | D:4      | Noticed an ogre
  1475 | D:4      | Reached XP level 4. HP: 45/45 MP: 3/3
  1480 | D:3      | Killed Terence
  1502 | D:3      | Found a glowing golden altar of the Shining One.
  1540 | D:3      | Reached XP level 5. HP: 50/53 MP: 4/4
  1666 | D:3      | Found a sparkling altar of Nemelex Xobeh.
  1666 | D:3      | Found a transporter.
  1667 | D:3      | Noticed a centaur
  1718 | D:3      | You fall through a shaft for 2 floors!
  1718 | D:5      | Entered Level 5 of the Dungeon
  1747 | D:5      | Reached skill level 1 in Throwing
  1859 | D:5      | Noticed a black bear
  1993 | D:5      | Reached skill level 5 in Unarmed Combat
  1993 | D:5      | Reached XP level 6. HP: 42/61 MP: 5/5
  2237 | D:6      | Found an iron altar of Okawaru.
  2262 | D:6      | Became a worshipper of Warmaster Okawaru
  2262 | D:6      | Reached * piety under Okawaru
  2262 | D:6      | Reached ** piety under Okawaru
  2324 | D:6      | Noticed Eustachio
  2375 | D:6      | Killed Eustachio
  2375 | D:6      | Reached XP level 7. HP: 56/68 MP: 6/6
  3171 | D:4      | Reached XP level 8. HP: 79/79 MP: 4/7
  3269 | D:4      | Found Hoomnol's Armour Emporium.
  3591 | D:2      | Killed Sigmund
  3591 | D:2      | Reached *** piety under Okawaru
  4313 | D:5      | Reached skill level 5 in Fighting
  4413 | D:5      | Reached skill level 5 in Dodging
  4671 | D:6      | Noticed Prince Ribbit
  4749 | D:6      | Found a staircase to the Ecumenical Temple.
  4866 | D:6      | Noticed a two-headed ogre
  4908 | D:6      | Killed a two-headed ogre
  4908 | D:6      | Reached **** piety under Okawaru
  4908 | D:6      | Reached XP level 9. HP: 60/88 MP: 5/8
  5040 | D:6      | Found a runed door.
  5222 | D:6      | Got a transparent mace
  5379 | D:6      | Noticed Pikel
  5431 | D:6      | Killed Pikel
  5431 | D:6      | Reached ***** piety under Okawaru
  5698 | D:6      | Killed Prince Ribbit
  6003 | D:7      | Reached skill level 10 in Unarmed Combat
  6368 | D:7      | Reached XP level 10. HP: 100/100 MP: 9/9
  7287 | D:8      | Found a deep blue altar of Sif Muna.
  7290 | D:8      | Found a hide-covered altar of Uskayaw.
  7292 | D:8      | Found an opulent altar of Gozag.
  7306 | D:8      | Reached skill level 1 in Invocations
  7581 | D:8      | Received a gift from Okawaru
  7907 | D:8      | Found a staircase to the Lair.
  8184 | Lair:1   | Entered Level 1 of the Lair of Beasts
  8189 | Lair:1   | Noticed a spiny frog
  8210 | D:8      | Killed a spiny frog
  8711 | D:9      | Received a gift from Okawaru
  9047 | D:10     | Entered Level 10 of the Dungeon
  9132 | D:10     | Noticed a two-headed ogre
  9144 | D:10     | Killed a two-headed ogre
  9144 | D:10     | Reached skill level 1 in Armour
  9287 | D:10     | Killed an unseen horror
  9287 | D:10     | Received a gift from Okawaru
  9288 | D:10     | Reached XP level 11. HP: 96/109 MP: 12/12
  9366 | D:10     | Noticed a five-headed hydra
  9375 | D:10     | Killed a one-headed hydra
  9996 | Lair:1   | Noticed an eight-headed hydra
 10021 | Lair:1   | Killed a three-headed hydra
 10901 | Lair:1   | Noticed an eight-headed hydra
 11241 | Lair:1   | Killed a three-headed hydra
 11554 | Lair:2   | Reached XP level 12. HP: 114/120 MP: 12/14
 11586 | Lair:2   | Reached skill level 5 in Throwing
 11672 | Lair:2   | Received a gift from Okawaru
 11709 | Lair:2   | Found a staircase to the Swamp.
 11756 | Lair:2   | Noticed a seven-headed hydra
 11773 | Lair:2   | Killed a five-headed hydra
 11955 | Lair:2   | Noticed Sonja
 11963 | Lair:2   | Killed Sonja
 12071 | Lair:2   | Noticed Gastronok
 12111 | Lair:2   | Killed Gastronok
 12111 | Lair:2   | Received a gift from Okawaru
 12116 | Lair:2   | Got a faintly glowing cloak {god gift}
 12122 | Lair:2   | Identified the +1 cloak of Dishonesty {+Inv} (Okawaru gifted it to you on level 2 of the Lair of Beasts)
 12244 | Lair:2   | Noticed Urug
 12256 | Lair:2   | Killed Urug
 12868 | Lair:3   | Noticed a five-headed hydra
 12883 | Lair:3   | Killed a one-headed hydra
 12883 | Lair:3   | Reached skill level 1 in Evocations
 13343 | Lair:3   | Found a staircase to the Snake Pit.
 13782 | Lair:4   | Reached XP level 13. HP: 131/131 MP: 15/15
 14951 | Lair:5   | Received a gift from Okawaru
 15319 | Lair:6   | Entered Level 6 of the Lair of Beasts
 15338 | Lair:6   | Found an ancient bone altar of Kikubaaqudgha.
 15619 | Lair:6   | Received a gift from Okawaru
 15654 | Lair:6   | Reached skill level 10 in Fighting
 15990 | Lair:6   | Received a gift from Okawaru
 16081 | Lair:6   | Reached skill level 1 in Shields
 16398 | Lair:6   | Noticed a fire dragon
 16410 | Lair:6   | Killed a fire dragon
 16669 | Lair:6   | Reached skill level 5 in Shields
 16755 | Lair:6   | Reached XP level 14. HP: 117/143 MP: 16/16
 17602 | Lair:6   | Found a staircase to the Slime Pits.
 18308 | D:11     | Received a gift from Okawaru
 18515 | D:11     | Found a blossoming altar of Fedhas.
 18733 | D:11     | Found a portal to a secret trove of treasure.
 18782 | D:11     | Identified a scroll of acquirement
 19621 | D:12     | Noticed an entropy weaver
 19621 | D:12     | Noticed an entropy weaver
 19652 | D:12     | Killed an entropy weaver
 19652 | D:12     | Reached skill level 5 in Invocations
 19666 | D:12     | Killed an entropy weaver
 20523 | D:12     | Reached skill level 5 in Evocations
 20707 | D:12     | Found a staircase to the Orcish Mines.
 20821 | Orc:1    | Entered Level 1 of the Orcish Mines
 21099 | Orc:1    | Noticed an orc warlord
 21112 | Orc:1    | Killed an orc warlord
 21491 | Orc:2    | Entered Level 2 of the Orcish Mines
 21491 | Orc:2    | Noticed Snorg
 21508 | Orc:1    | Killed Snorg
 21508 | Orc:1    | Received a gift from Okawaru
 21650 | Orc:2    | Noticed Saint Roka
 21693 | Orc:2    | Noticed a stone giant
 21705 | Orc:2    | Killed a stone giant
 21868 | Orc:2    | Noticed a stone giant
 21874 | Orc:2    | Received a gift from Okawaru
 21888 | Orc:2    | Noticed Erolcha
 21890 | Orc:2    | Killed a stone giant
 21891 | Orc:2    | Paralysed by Erolcha for 2 turns
 21894 | Orc:2    | Paralysed by Erolcha for 7 turns
 21984 | Orc:2    | Killed Erolcha
 21984 | Orc:2    | Received a gift from Okawaru
 22038 | Orc:2    | Noticed Donald
 22060 | Orc:1    | Killed Donald
 22118 | Orc:2    | Killed Saint Roka
 22118 | Orc:2    | Reached XP level 15. HP: 133/150 MP: 15/18
 22234 | Orc:2    | Found Gupsue's Antique Weapon Shoppe.
 22252 | Orc:2    | Received a gift from Okawaru
 22531 | Orc:2    | Noticed Nessos
 22536 | Orc:2    | Killed Nessos
 22600 | Orc:2    | Found Ofacvusa's Antique Armour Emporium.
 22671 | Orc:2    | Found Pefydoam's Jewellery Shoppe.
 22880 | Orc:2    | Found a staircase to the Elven Halls.
 22925 | Orc:2    | Found Gungi's General Store.
 23085 | Orc:2    | Found Gungi's General Store.
 23088 | Orc:2    | Found a staircase to the Elven Halls.
 23190 | Orc:2    | Found Gupsue's Antique Weapon Shoppe.
 23300 | Orc:2    | Found Ofacvusa's Antique Armour Emporium.
 23325 | Orc:2    | Found Pefydoam's Jewellery Shoppe.
 23573 | Orc:1    | Found a bloodstained altar of Trog.
 23833 | Orc:2    | Bought the amulet "Meefed" {Reflect rC+ Str+3 Int-2 SH+6 SInv} for 1182 gold pieces
 24588 | D:13     | Reached skill level 15 in Unarmed Combat
 25077 | D:13     | Found a shimmering altar of Xom.
 25077 | D:13     | Found a shimmering altar of Xom.
 25125 | D:13     | Found a shimmering altar of Xom.
 25226 | D:13     | Received a gift from Okawaru
 25324 | D:13     | Identified the Tome of Arcane Weapons
 25921 | D:14     | Found a labyrinth entrance.
 25936 | Lab      | Entered a labyrinth
 27007 | D:14     | Reached skill level 5 in Armour
 27057 | D:14     | Found a shattered altar of Ashenzari.
 27208 | D:14     | Reached skill level 10 in Dodging
 27706 | D:14     | Reached XP level 16. HP: 162/162 MP: 19/19
 27826 | D:14     | Found a runed door.
 27837 | D:14     | Found a runed door.
 28263 | D:14     | Found a gate to the Vaults.
 28356 | D:15     | Entered Level 15 of the Dungeon
 28366 | D:15     | Noticed Louise
 28373 | D:15     | Killed Louise
 28373 | D:15     | Received a gift from Okawaru
 28713 | D:15     | Reached ****** piety under Okawaru
 29026 | D:15     | Received a gift from Okawaru
 29533 | D:15     | Found a staircase to the Depths.
 29813 | Swamp:1  | Entered Level 1 of the Swamp
 30089 | Swamp:1  | Received a gift from Okawaru
 32193 | Swamp:2  | Noticed Frances
 32316 | Swamp:2  | Killed Frances
 32316 | Swamp:2  | Reached XP level 17. HP: 151/172 MP: 14/20
 33031 | Swamp:3  | Received a gift from Okawaru
 33992 | Swamp:4  | Entered Level 4 of the Swamp
 34091 | Swamp:4  | Noticed Jorgrun
 34115 | Swamp:4  | Killed Jorgrun
 34547 | Swamp:3  | Received a gift from Okawaru
 35143 | Snake:1  | Entered Level 1 of the Snake Pit
 35885 | Orc:2    | Bought the ring of Nasain {rElec rN+ Str-4 Int+8} for 636 gold pieces
 36171 | Snake:1  | Received a gift from Okawaru
 36474 | Snake:1  | Noticed Nikola
 36503 | Snake:1  | Killed Nikola
 37778 | Snake:2  | Noticed Aizul
 37788 | Snake:2  | Killed Aizul
 38462 | Snake:2  | Received a gift from Okawaru
 39543 | Snake:3  | Found a frozen archway.
 39552 | IceCv    | Entered an ice cave
 39926 | IceCv    | Reached XP level 18. HP: 183/183 MP: 22/22
 40294 | IceCv    | Noticed an Ice Fiend
 40609 | IceCv    | Killed an Ice Fiend
 42326 | Snake:4  | Entered Level 4 of the Snake Pit
 43591 | Snake:4  | Received a gift from Okawaru
 45568 | Snake:4  | Got a serpentine rune of Zot
 46259 | Swamp:4  | Received a gift from Okawaru
 46447 | Swamp:4  | Reached XP level 19. HP: 169/193 MP: 23/23
 46508 | Swamp:4  | Got a decaying rune of Zot
 46523 | Swamp:4  | Noticed Roxanne
 46534 | Swamp:4  | Killed Roxanne
 46539 | Swamp:4  | Identified Roxanne's Incunabulum of Earth (You took it off Roxanne on level 4 of the Swamp)
 47402 | Vaults:1 | Entered Level 1 of the Vaults
 47633 | Vaults:1 | Noticed a Brimstone Fiend
 47700 | Vaults:1 | Noticed a Tzitzimitl
 47979 | Vaults:1 | Reached skill level 10 in Throwing
 48344 | Vaults:1 | Got a brightly glowing shield
 48355 | Vaults:1 | Identified the -9 shield of Minor Irritation {rPois} (You found it on level 1 of the Vaults)
 48419 | Vaults:1 | Received a gift from Okawaru
 48811 | Vaults:1 | Received a gift from Okawaru
 49366 | Vaults:1 | Received a gift from Okawaru
 50152 | Vaults:2 | Reached skill level 10 in Armour
 50404 | Vaults:2 | Received a gift from Okawaru
 50742 | Vaults:2 | Received a gift from Okawaru
 51070 | Vaults:2 | Gained mutation: Your magical capacity is low. (-10% MP) [a neqoxec]
 52007 | Vaults:2 | Got a clouded copper ring
 52008 | Vaults:2 | Identified the ring of Happiness {Fire rPois Str+3 Dex+2} (You took it off an ironheart preserver on level 2 of the Vaults)
 52094 | Vaults:2 | Received a gift from Okawaru
 52190 | Vaults:2 | Got a twitching platinum ring
 53294 | Vaults:3 | Reached XP level 20. HP: 164/204 MP: 18/21
 53583 | Vaults:3 | Received a gift from Okawaru
 53795 | Vaults:3 | Found a staircase to the Crypt.
 53929 | Vaults:3 | Identified the ring of the Soothsayer {rC+ Str+3 Dex+3 Stlth+} (You found it on level 2 of the Vaults)
 54235 | Vaults:3 | Got a twisted cloak
 54246 | Vaults:3 | Identified the cursed +0 cloak of Gozag's Pride {*Corrode rC++ Str+5} (You found it on level 3 of the Vaults)
 55381 | Vaults:3 | Received a gift from Okawaru
 55887 | Vaults:3 | Identified the Volume of the Supportive Volcanoes
 56611 | D:11     | You paid a toll of 2 scrolls of acquirement to enter a treasure trove
 56612 | Trove    | Entered a treasure trove
 56622 | Trove    | Identified Sif Muna's Papyrus of Gliding Darkness
 56682 | Trove    | Identified Sif Muna's Papyrus of Stolen Souls and Summoning
 56708 | D:11     | Learned a level 1 spell: Summon Butterflies
 56968 | Vaults:4 | Got a shimmering robe
 56974 | Vaults:4 | Identified the +1 robe "Vesmini" {+Fly rCorr Slay-3} (You found it on level 4 of the Vaults)
 57237 | Vaults:4 | Reached skill level 1 in Summonings
 57554 | Vaults:4 | Found Esausuff's Book Shop.
 58224 | Vaults:4 | Found Owko's Antique Armour Shoppe.
 58228 | Vaults:4 | Bought heavily runed quicksilver dragon scales for 2470 gold pieces
 58242 | Vaults:4 | Identified the quicksilver dragon scales of Hedging {rPois rF- rN++ MR+ Int-2} (You bought it in a shop on level 4 of the Vaults)
 58356 | Vaults:4 | Reached XP level 21. HP: 214/214 MP: 15/22
 58425 | Vaults:4 | Received a gift from Okawaru
 58642 | Vaults:4 | Found Yluqerha's Weapon Shop.
 59023 | Vaults:4 | Found Gobri's General Store.
 59302 | Depths:1 | Entered Level 1 of the Depths
 59692 | Depths:1 | Found a corrupted altar of Lugonu.
 59927 | Depths:1 | Found a gateway to Hell.
 60057 | Depths:1 | Received a gift from Okawaru
 60266 | Depths:1 | Found a one-way gate leading to the halls of Pandemonium.
 60408 | Depths:1 | Reached skill level 15 in Fighting
 60706 | Depths:2 | Found Qeinang's General Store.
 60738 | Depths:2 | Bought a scroll of enchant weapon for 90 gold pieces
 61017 | Depths:2 | Reached skill level 5 in Summonings
 61139 | Depths:2 | Noticed a juggernaut
 61148 | Depths:2 | Killed a juggernaut
 62389 | Depths:3 | Received a gift from Okawaru
 62524 | Depths:3 | Received a gift from Okawaru
 62671 | Depths:3 | Noticed Sojobo
 62785 | Depths:3 | Reached XP level 22. HP: 211/230 MP: 23/23
 62909 | Depths:3 | Killed Sojobo
 62909 | Depths:3 | Received a gift from Okawaru
 62975 | Depths:3 | Found a gateway to a ziggurat.
 63701 | Depths:3 | Received a gift from Okawaru
 64745 | Depths:3 | Identified the Incunabulum of Orientation
 64789 | Depths:4 | Found a flickering gateway to a bazaar.
 64816 | Depths:4 | Found Ulow's Assorted Antiques.
 64872 | Depths:4 | Found Wufapiqu's Assorted Antiques.
 64906 | Depths:4 | Received a gift from Okawaru
 64934 | Depths:4 | Found Heatui's Assorted Antiques.
 65161 | Depths:4 | Found a one-way gate to the infinite horrors of the Abyss.
 65275 | Depths:4 | Received a gift from Okawaru
 65441 | Bazaar   | Entered a bazaar
 65445 | Bazaar   | Found Recah's Weapon Emporium.
 65453 | Bazaar   | Found Jyofeen's Book Shop.
 65494 | Bazaar   | Found Yrete's Jewellery Shoppe.
 65502 | Bazaar   | Found Poseagg's Weapon Boutique.
 65552 | Bazaar   | Bought 8 needles of confusion for 48 gold pieces
 66298 | Depths:4 | Received a gift from Okawaru
 66554 | Depths:4 | Reached XP level 23. HP: 224/244 MP: 14/24
 66570 | Depths:4 | Received a gift from Okawaru
 67743 | Crypt:1  | Entered Level 1 of the Crypt
 68416 | Crypt:1  | Reached skill level 15 in Throwing
 69713 | Crypt:3  | Entered Level 3 of the Crypt
 70040 | Crypt:3  | Noticed Mara
 70041 | Crypt:3  | Noticed Jory
 70044 | Crypt:3  | Noticed epok's illusion
 70074 | Crypt:3  | Killed Jory
 70109 | Crypt:3  | Noticed epok's illusion
 70122 | Crypt:3  | Killed Mara
 70218 | Crypt:3  | Identified the Collected Works on Unstable Poisoning
 70364 | Crypt:3  | Received a gift from Okawaru
 70620 | Crypt:3  | Found a staircase to the Tomb.
 70671 | Crypt:3  | Noticed an ancient lich
 70682 | Crypt:3  | Killed an ancient lich
 71020 | Crypt:3  | Found the +9 sword of Zonguldrok {reap}
 71175 | Crypt:3  | Found an ancient bone altar of Kikubaaqudgha.
 71177 | Crypt:3  | Noticed an ancient lich
 71184 | Crypt:3  | Paralysed by an ancient lich for 3 turns
 71191 | Crypt:3  | Killed an ancient lich
 71349 | Crypt:3  | Noticed an ancient lich
 71363 | Crypt:3  | Killed an ancient lich
 72656 | Vaults:3 | Got a pitted hat {god gift}
 72667 | Vaults:3 | Identified the +1 hat of the Kettle-Drum {rF+ Dex+6} (Okawaru gifted it to you on level 3 of the Vaults)
 72950 | Depths:4 | Bought a scroll of blinking for 247 gold pieces
 72950 | Depths:4 | Bought a potion of curing for 99 gold pieces
 72950 | Depths:4 | Bought a scroll of immolation for 115 gold pieces
 73314 | Vaults:5 | Entered Level 5 of the Vaults
 73324 | Vaults:5 | Reached skill level 15 in Armour
 73324 | Vaults:5 | Received a gift from Okawaru
 73324 | Vaults:5 | Reached XP level 24. HP: 245/256 MP: 18/24
 73386 | Vaults:5 | Noticed an ancient lich
 73720 | Vaults:5 | Killed an ancient lich
 73720 | Vaults:5 | Received a gift from Okawaru
 73880 | Vaults:5 | Received a gift from Okawaru
 74546 | Vaults:5 | Received a gift from Okawaru
 74585 | Vaults:5 | Reached XP level 25. HP: 250/265 MP: 23/24
 75143 | Vaults:5 | Got a silver rune of Zot
 75455 | Vaults:5 | Got a scorched ivory ring
 76280 | Orc:2    | Bought a scroll of teleportation for 48 gold pieces
 76280 | Orc:2    | Bought 2 potions of heal wounds for 160 gold pieces
 76592 | Depths:5 | Entered Level 5 of the Depths
 76788 | Depths:4 | Identified the ring "Koull" {MP+9 Int+6} (You found it on level 5 of the Vaults)
 76916 | Depths:5 | Noticed a juggernaut
 76943 | Depths:5 | Killed a juggernaut
 76946 | Depths:5 | Noticed Execuda's ghost (veteran TrFi)
 76968 | Depths:5 | Killed Execuda's ghost
 77186 | Depths:5 | Noticed a juggernaut
 77198 | Depths:5 | Killed a juggernaut
 77579 | Depths:5 | Received a gift from Okawaru
 77612 | Depths:5 | Found a gate to the Realm of Zot.
 77721 | Depths:5 | Reached skill level 15 in Dodging
 78019 | Depths:5 | Received a gift from Okawaru
 78884 | Elf:1    | Entered Level 1 of the Elven Halls
 79143 | Elf:1    | Received a gift from Okawaru
 79276 | Elf:1    | Identified the Almanac of the Entourage
 79376 | Elf:1    | Found Jocwor's Armour Boutique.
 80624 | Elf:2    | Found a runed gate.
 80624 | Elf:2    | Found a runed gate.
 80625 | Elf:2    | Found a runed gate.
 80889 | Elf:2    | Reached XP level 26. HP: 274/274 MP: 24/24
 81349 | Elf:3    | Entered Level 3 of the Elven Halls
 82371 | Elf:3    | Found the amulet of the Air {Inacc +Fly rElec EV+5 RMsl}
 82371 | Elf:3    | Found the +8 autumn katana {slice, Clar}
 82388 | Elf:3    | Received a gift from Okawaru
 82432 | Elf:3    | Identified An Early Guide to Secret Knowledge
 82466 | Elf:3    | Got a heavily jewelled robe
 82477 | Elf:3    | Identified the cursed +0 robe of Going Fast {Int+5 Stlth-} (You found it on level 3 of the Elven Halls)
 82572 | Elf:3    | Received a gift from Okawaru
 83298 | Zot:1    | Entered Level 1 of the Realm of Zot
 83398 | Depths:4 | Bought a potion of berserk rage for 225 gold pieces
 83398 | Depths:4 | Bought a potion of might for 180 gold pieces
 83398 | Depths:4 | Bought a scroll of fear for 157 gold pieces
 83398 | Depths:4 | Bought a potion of mutation for 360 gold pieces
 83431 | Depths:4 | Bought a potion of curing for 99 gold pieces
 83549 | Depths:2 | Bought a scroll of teleportation for 36 gold pieces
 83549 | Depths:2 | Bought a potion of agility for 48 gold pieces
 83549 | Depths:2 | Bought a potion of haste for 120 gold pieces
 87463 | Depths:5 | Got a bound bronze amulet
 87465 | Depths:5 | Identified the amulet "Zemiebuese" {*Corrode Regen+ Slay+2 SInv} (You acquired it on level 5 of the Depths)
 87483 | Depths:5 | Got a transparent bronze amulet
 87485 | Depths:5 | Identified the amulet "Xigympir" {+Rage SInv} (You acquired it on level 5 of the Depths)
 87811 | Zot:1    | Noticed feamirim's ghost (legendary DsFi)
 87864 | Zot:1    | Killed feamirim's ghost
 88197 | Zot:1    | Received a gift from Okawaru
 88616 | Zot:1    | Received a gift from Okawaru
 88758 | Zot:2    | Received a gift from Okawaru
 88787 | Zot:2    | Received a gift from Okawaru
 89035 | Zot:2    | Noticed an orb of fire
 89052 | Zot:2    | Killed an orb of fire
 89342 | Zot:2    | Reached XP level 27. HP: 284/284 MP: 22/24
 90716 | Zot:3    | Received a gift from Okawaru
 91261 | Zot:4    | Received a gift from Okawaru
 91891 | Zot:4    | Reached skill level 10 in Evocations
 91902 | Zot:4    | Received a gift from Okawaru
 92278 | Zot:5    | Entered Level 5 of the Realm of Zot
 92403 | Zot:5    | Gained mutation: Your spells are a little easier to cast, but a little less powerful. [mutagenic glow]
 93139 | Zot:5    | Noticed an ancient lich
 93142 | Zot:5    | Killed an ancient lich
 93156 | Zot:5    | Received a gift from Okawaru
 93222 | Zot:5    | Noticed an ancient lich
 93222 | Zot:5    | Noticed an orb of fire
 93226 | Zot:5    | Noticed an ancient lich
 93241 | Zot:5    | Killed an orb of fire
 93245 | Zot:5    | Killed an ancient lich
 93247 | Zot:5    | Noticed an orb of fire
 93251 | Zot:5    | Killed an orb of fire
 93251 | Zot:5    | Received a gift from Okawaru
 93354 | Zot:5    | Noticed an orb of fire
 93360 | Zot:5    | Killed an orb of fire
 93361 | Zot:5    | Noticed an ancient lich
 93364 | Zot:5    | Killed an ancient lich
 93403 | Zot:5    | Noticed an orb of fire
 93418 | Zot:5    | Killed an orb of fire
 93422 | Zot:5    | Noticed an ancient lich
 93431 | Zot:5    | Killed an ancient lich
 93431 | Zot:5    | Received a gift from Okawaru
 93528 | Zot:5    | Noticed an orb of fire
 93529 | Zot:5    | Noticed an ancient lich
 93545 | Zot:5    | Killed an ancient lich
 93583 | Zot:5    | Killed an orb of fire
 93599 | Zot:5    | Killed an ancient lich
 93755 | Zot:5    | Noticed an orb of fire
 93766 | Zot:5    | Killed an orb of fire
 93781 | Zot:5    | Noticed an ancient lich
 93781 | Zot:5    | Killed an ancient lich
 93781 | Zot:5    | Received a gift from Okawaru
 93870 | Zot:5    | Received a gift from Okawaru
 93901 | Zot:5    | Got the Orb of Zot
 94414 | D:11     | Noticed Irchiakoz the pandemonium lord
 94666 | D:$      | Escaped with the Orb!

Vault maps used:
D:1:      mrwooster_arrival_arrow
D:2:      first_ration, uniq_sigmund
D:3:      nicolae_tso_carved_into_rock, minmay_item_behind_shaft,
          grunt_nemelex_the_gamble, uniq_terence
D:4:      serial_shops, nicolae_shop_temple_entry_statues_fountains
D:6:      okawaru_metal_pillars_1_2, minmay_temple_entry_statues_pillars,
          minivault_5, uniq_pikel, uniq_eustachio, uniq_crazy_yiuf_cottage,
          uniq_prince_ribbit1
D:8:      nicolae_overflow_hidden_temple, grunt_lair_entry_orc_guard_hut
D:10:     lemuel_ice_statue
D:11:     enter_trove_6, grunt_ogre_cave, minivault_10, columned_hall_lemuel,
          fedhas_altar_2
D:12:     erik_orc_2, minmay_another_anthill
D:13:     minmay_expanding_squares, hangedman_decor_push, xom_shifter_show
D:14:     minmay_the_grid_triangle_9x9_rhombus_full_mashed, david_vaults_4,
          evilmike_ruin_ashenzari, lab_entry_generic, hangedman_incinerator
D:15:     grunt_enter_depths_hoard, hex_tiny, uniq_louise
Lair:1:   special_room, kennysheep_abandoned_house, infiniplex_staircase_pool
Lair:2:   swamp_mist_pool, serial_bayou_pond_b, lemuel_fruit_fields, uniq_urug,
          uniq_gastronok, uniq_sonja
Lair:3:   dummy_snake_entry, special_room, lemuel_fruit_tree, grunt_megastairs_2
Lair:5:   serial_bayou_pond_d, infiniplex_staircase_pool_2
Lair:6:   hangedman_lair_caniforms_friends, guppyfry_lair_end_dragon,
          minmay_slime_entry_oklob_open, basic_altar, serial_bayou_shore_a,
          grunt_megastairs_1
Swamp:1:  evilmike_swamp_ruin_rubble_2
Swamp:2:  serial_swamp_ruin, evilmike_swamp_ruin_house_2,
          evilmike_swamp_ruin_house_5, evilmike_swamp_ruin_house_1, uniq_frances
Swamp:3:  evilmike_swamp_ruin_house_4
Swamp:4:  swamp, swamp_pool4, uniq_roxanne, uniq_jorgrun
Snake:1:  uniq_nikola
Snake:2:  minmay_snake_pond, uniq_aizul
Snake:3:  portal_ice_cave_entry_ugly_swarm, guppyfry_library_mini
Snake:4:  minmay_snake_end_coiled, serial_bayou_shore_b, serial_bayou_shore_b
Orc:1:    serial_shops, nicolae_orc_stony_grotto, trog_book
Orc:2:    grunt_orc_gardens, grunt_orc_garden, grunt_orc_garden,
          grunt_orc_garden, grunt_orc_garden, uniq_saint_roka, uniq_donald,
          uniq_snorg, uniq_erolcha, uniq_nessos
Elf:1:    minmay_elf_arrival_summoners, serial_shops, shop_coins,
          minmay_elf_demonology
Elf:3:    elf_hall_gauntlet_wide
Vaults:1: ontoclasm_vaults_idyll, st_octagons_1, vaults_room_fancy_cross,
          vaults_room_grunt_arrival_ludios, v_misc_11, vaults_room_corners,
          v_pattern_2, vaults_room_corners
Vaults:2: vaults_room_pools, v_misc_1, st_hourglassy, vaults_dpeg_hooks,
          vaults_room_semicircle, nicolae_vaults_sealed_display, v_rooms_3,
          vaults_room_door_ring, vaults_room_stairs_pillars,
          ontoclasm_vaults_ligature, vaults_mumra_hexcomb
Vaults:3: grunt_vaults_diagonal, st_greater_box_1,
          minmay_crypt_entry_simple_corners, v_alt_pattern_1, v_misc_13,
          vaults_dpeg_doors, v_pattern_1, v_alt_pattern_3,
          nicolae_vaults_mini_display_case, vaults_room_boxed,
          nicolae_vaults_three_branches, vaults_room_hallway,
          vaults_dpeg_encased_lava, v_misc_5, ontoclasm_vaults_ring_small,
          hangedman_vaults_maws
Vaults:4: grunt_vaults_bifocal, nicolae_vaults_big_ls, v_alt_pattern_4,
          v_misc_11, v_alt_pattern_6, v_pattern_5, ontoclasm_vaults_ring_large,
          nicolae_vaults_little_squares_4, v_misc_28, serial_shops, shop, shop,
          nicolae_shop_crystal, nicolae_shop_window_shopping
Crypt:1:  grunt_megastairs_5, grunt_crypt_arrival_webbed
Crypt:2:  chequers_big_river
Crypt:3:  quadcrypt_mu, uniq_mara, uniq_jory
Depths:1: hangedman_abyss_or_decor_passed, hell_entry, rand_demon_pan_entry_5,
          tgw_lugonu_bribe, kennysheep_random_hallway
Depths:2: evilmike_cross, grunt_mini_vestibule, serial_sigils,
          serial_sigils_hangedman_gut, serial_sigils_hangedman_leer,
          serial_sigils_hangedman_gut, serial_sigils_hangedman_snap,
          serial_sigils_hangedman_clutch, serial_sigils_hangedman_gut,
          serial_shops, shop
Depths:3: grunt_runaround, hell_entry, pan_entry, uniq_sojobo
Depths:4: grunt_deathspiral_small, abyss_entry_crystal, serial_shops,
          bzr_firewalk, nicolae_shop_trees, shop, shop,
          grunt_hell_entry_dis_old, hangedman_decor_slide_cut
Depths:5: grunt_zot_entry_bicorn, pf_hell_entry_tar_river, grunt_decor_cap,
          hangedman_abyss_entry_splay
Zot:1:    grunt_zot_stairs_faceoff
Zot:2:    hangedman_snake_sidewinding
Zot:4:    stair_cage_line
Zot:5:    lemuel_baited_zot_trap, st_stairs_9, grunt_ministairs_1,
          hangedman_zot_decor_tridents
Lab:      labyrinth_lava_lair, nicolae_lab_arrow, nicolae_lab_t_cross,
          labyrinth_skeletal_remains, nicolae_lab_diamond,
          nicolae_lab_very_dead_end, nicolae_lab_statue, lab_hedge,
          labyrinth_fake_exit, nicolae_lab_do_over
Bazaar:   bazaar_jpeg_ribbon
Trove:    trove_library
IceCv:    ice_cave_caverns_01

Skill      XL: |  1  2  3  4  5  6  7  8  9 10 11 12 13 14 15 16 17 18 19 20 21 22 23 24 25 26 27 |
---------------+----------------------------------------------------------------------------------+-----
Unarmed Combat | 4 5 7 9 10 11 12 13 14 15 17 18 19 20 21 22 | 22.0
Fighting       | 3 4 5 6 7 8 9 10 11 12 13 14 15 17 18 22 | 22.7
Dodging        | 3 4 5 6 7 8 9 10 11 12 13 14 15 16 | 16.0
Throwing       | 1 2 3 4 6 7 9 10 11 12 14 15 18 19 22 | 22.0
Invocations    | 3 4 6 7 |  7.0
Armour         | 1 3 5 7 8 9 10 11 12 15 16 | 16.0
Evocations     | 2 4 5 6 10 | 10.0
Shields        | 5 9 |  9.0
Summonings     | 2 6 |  6.0
Stealth        | |  1.0

Action                   |  1- 3 |  4- 6 |  7- 9 | 10-12 | 13-15 | 16-18 | 19-21 | 22-24 | 25-27 || total
-------------------------+-------+-------+-------+-------+-------+-------+-------+-------+-------++-------
Melee: Unarmed           |   114 |    76 |   293 |   464 |  1307 |  1660 |  2002 |  1490 |  1374 ||  8780
       Punch             |     1 |     1 |    15 |    54 |    21 |       |       |       |       ||    92
       War axe           |       |       |       |    63 |    29 |   236 |     4 |       |       ||   332
 Fire: Blowgun           |       |       |       |     4 |       |    40 |       |    17 |       ||    61
Throw: Stone             |    43 |    33 |   133 |   336 |   863 |   582 |   354 |   289 |   127 ||  2760
       Large rock        |       |       |       |       |    13 |    59 |    11 |   159 |   669 ||   911
       Tomahawk          |       |       |       |       |    30 |       |       |       |       ||    30
       Javelin           |       |       |       |       |       |       |    16 |    10 |       ||    26
 Cast: Summon Butterflie |       |       |       |       |       |       |     3 |     4 |       ||     7
Invok: Heroism           |       |       |     6 |    26 |    24 |    48 |    27 |    28 |    62 ||   221
       Finesse           |       |       |       |     6 |     5 |    12 |     3 |    10 |    15 ||    51
 Abil: Evoke Invisibilit |       |       |       |       |     6 |     7 |     1 |       |       ||    14
Evoke: Wand              |       |       |       |       |     2 |       |       |       |    22 ||    24
       Box of beasts     |       |       |       |       |       |       |       |       |     3 ||     3
       Lamp of fire      |       |       |       |       |       |       |       |       |     1 ||     1
       Phial of floods   |       |       |       |       |       |       |       |       |     1 ||     1
  Use: Scroll            |     2 |       |       |    19 |     9 |    17 |     6 |    17 |    21 ||    91
       Potion            |       |     1 |     1 |     1 |     2 |     9 |     4 |     8 |    23 ||    49
 Stab: Sleeping          |     1 |     1 |     2 |       |     6 |       |     4 |     5 |    11 ||    30
       Distracted        |       |       |       |       |     2 |       |       |     1 |     1 ||     4
       Invisible         |       |       |       |       |    19 |     8 |     1 |       |       ||    28
       Petrifying        |       |       |       |       |     2 |       |       |       |       ||     2
       Confused          |       |       |       |       |       |       |       |     2 |       ||     2
  Eat: Chunk             |    19 |     5 |    40 |    65 |   122 |    91 |   140 |    57 |   124 ||   663
       Ration            |       |       |       |       |     2 |    24 |     1 |    15 |    13 ||    55
Armor: Robe              |    40 |    14 |    42 |    17 |       |       |       |       |       ||   113
       Troll leather arm |       |       |       |    90 |   209 |    32 |       |       |       ||   331
       Ice dragon scales |       |       |       |       |       |   541 |   180 |       |       ||   721
       Shadow dragon sca |       |       |       |       |       |       |   147 |   261 |   291 ||   699
Dodge: Dodged            |    70 |    41 |   144 |   381 |   603 |   749 |   570 |   399 |   419 ||  3376
       Deflected         |       |       |       |       |       |       |     2 |    14 |       ||    16
Block: Other             |     7 |     2 |    21 |    91 |    38 |       |       |       |       ||   159
       Reflection        |       |       |     1 |     4 |    75 |   121 |   120 |    68 |    61 ||   450
       Shield            |       |       |       |       |   785 |  1702 |  1403 |   915 |  1062 ||  5867

Table legend:
 A = Spawn XP
 B = Non-spawn XP
 C = Spawn XP percentage of total XP
 D = Spawn monster count
 E = Non-spawn monster count
 F = Spawn count percentage of total count
 G = Total turns spent on level
                    A         B        C        D         E        F      G
               +---------+---------+-------+---------+---------+-------+---------
         Total |       0 | 1858615 |   0.0 |       0 |    2642 |   0.0 | 94666
               +---------+---------+-------+---------+---------+-------+---------
           D:1 |       0 |      52 |   0.0 |       0 |      28 |   0.0 |   849
           D:2 |       0 |     298 |   0.0 |       0 |      18 |   0.0 |   748
           D:3 |       0 |     102 |   0.0 |       0 |      16 |   0.0 |   886
           D:4 |       0 |     872 |   0.0 |       0 |      27 |   0.0 |   974
           D:5 |       0 |     952 |   0.0 |       0 |      21 |   0.0 |   844
           D:6 |       0 |    2510 |   0.0 |       0 |      20 |   0.0 |  1749
           D:7 |       0 |    1513 |   0.0 |       0 |      35 |   0.0 |  1123
           D:8 |       0 |    2257 |   0.0 |       0 |      26 |   0.0 |  1738
           D:9 |       0 |    1040 |   0.0 |       0 |      15 |   0.0 |   917
          D:10 |       0 |    3244 |   0.0 |       0 |      17 |   0.0 |  1084
          D:11 |       0 |    5153 |   0.0 |       0 |      47 |   0.0 |  1955
          D:12 |       0 |   10479 |   0.0 |       0 |      75 |   0.0 |  2718
          D:13 |       0 |   18706 |   0.0 |       0 |      50 |   0.0 |  1894
          D:14 |       0 |   36392 |   0.0 |       0 |      77 |   0.0 |  3173
          D:15 |       0 |   29335 |   0.0 |       0 |      69 |   0.0 |  2191
        Lair:1 |       0 |    8616 |   0.0 |       0 |      65 |   0.0 |  1639
        Lair:2 |       0 |   13046 |   0.0 |       0 |      35 |   0.0 |  1771
        Lair:3 |       0 |    5439 |   0.0 |       0 |      21 |   0.0 |   961
        Lair:4 |       0 |    4908 |   0.0 |       0 |      21 |   0.0 |  1007
        Lair:5 |       0 |    3948 |   0.0 |       0 |      17 |   0.0 |   917
        Lair:6 |       0 |   24548 |   0.0 |       0 |     109 |   0.0 |  2575
       Swamp:1 |       0 |   16102 |   0.0 |       0 |      38 |   0.0 |  1554
       Swamp:2 |       0 |   15553 |   0.0 |       0 |      32 |   0.0 |  1316
       Swamp:3 |       0 |   24301 |   0.0 |       0 |      51 |   0.0 |  2124
       Swamp:4 |       0 |   25265 |   0.0 |       0 |      48 |   0.0 |  1233
       Snake:1 |       0 |   15881 |   0.0 |       0 |      22 |   0.0 |  1854
       Snake:2 |       0 |   14749 |   0.0 |       0 |      37 |   0.0 |  1819
       Snake:3 |       0 |   32243 |   0.0 |       0 |      61 |   0.0 |  2113
       Snake:4 |       0 |   40663 |   0.0 |       0 |      72 |   0.0 |  3094
         Orc:1 |       0 |    9091 |   0.0 |       0 |      51 |   0.0 |  1301
         Orc:2 |       0 |   20189 |   0.0 |       0 |      58 |   0.0 |  1898
         Elf:1 |       0 |   26995 |   0.0 |       0 |      46 |   0.0 |  1480
         Elf:2 |       0 |   38729 |   0.0 |       0 |      54 |   0.0 |  1143
         Elf:3 |       0 |   50560 |   0.0 |       0 |      46 |   0.0 |  1795
      Vaults:1 |       0 |   36180 |   0.0 |       0 |      58 |   0.0 |  2481
      Vaults:2 |       0 |   49795 |   0.0 |       0 |      68 |   0.0 |  4418
      Vaults:3 |       0 |   68078 |   0.0 |       0 |      84 |   0.0 |  3188
      Vaults:4 |       0 |   66301 |   0.0 |       0 |      94 |   0.0 |  2731
      Vaults:5 |       0 |  190673 |   0.0 |       0 |     167 |   0.0 |  2158
       Crypt:1 |       0 |   28579 |   0.0 |       0 |      41 |   0.0 |  1281
       Crypt:2 |       0 |    6675 |   0.0 |       0 |      15 |   0.0 |   843
       Crypt:3 |       0 |   83304 |   0.0 |       0 |      82 |   0.0 |  2088
      Depths:1 |       0 |   35343 |   0.0 |       0 |      45 |   0.0 |  1658
      Depths:2 |       0 |   46128 |   0.0 |       0 |      50 |   0.0 |  1716
      Depths:3 |       0 |  107960 |   0.0 |       0 |     105 |   0.0 |  3504
      Depths:4 |       0 |   68898 |   0.0 |       0 |      80 |   0.0 |  3111
      Depths:5 |       0 |   84793 |   0.0 |       0 |      57 |   0.0 |  2091
         Zot:1 |       0 |   56885 |   0.0 |       0 |      29 |   0.0 |  1094
         Zot:2 |       0 |   81626 |   0.0 |       0 |      50 |   0.0 |  1447
         Zot:3 |       0 |   43272 |   0.0 |       0 |      27 |   0.0 |  1025
         Zot:4 |       0 |   68804 |   0.0 |       0 |      38 |   0.0 |  1342
         Zot:5 |       0 |  218070 |   0.0 |       0 |      61 |   0.0 |  1650
           Lab |       0 |    1851 |   0.0 |       0 |       7 |   0.0 |   941
         IceCv |       0 |   11669 |   0.0 |       0 |      59 |   0.0 |  1203
               +---------+---------+-------+---------+---------+-------+---------
